 Dungeon Crawl Stone Soup version 0.27-a0-54-g64bdb92e38 (webtiles) character file.

Game seed: 8964152512542610721

2927 kae the Grappler (level 9, -4/73 (74) HPs)
             Began as a Demonspawn Gladiator on Jan 7, 2021.
             Slain by Harold
             ... wielding a +0 halberd
              (21 damage)
             ... on level 7 of the Dungeon.
             The game lasted 00:04:44 (8640 turns).

kae the Grappler (Demonspawn Gladiator)             Turns: 8640, Time: 00:04:45

HP:   -4/73 (74)    AC:  8    Str: 18    XL:     9   Next: 50%
MP:   9/9           EV: 13    Int:  9    God:
Gold: 392           SH:  0    Dex: 15    Spells: 8/8 levels left

rFire    . . .     SeeInvis .     - Unarmed
rCold    . . .     Faith    .   (no shield)
rNeg     . . .     Spirit   .   a - +0 leather armour
rPois    .         Reflect  .   b - +1 helmet
rElec    .         Harm     .   (no cloak)
rCorr    .         Rampage  .   (no gloves)
Will     .....                  w - +2 pair of boots
Stlth    +.........             (no amulet)
HPRegen  0.22/turn              (no ring)
MPRegen  0.11/turn              (no ring)

@: marked, lightly drained
A: claws 2, powered by death 1
a: no special abilities


You were on level 7 of the Dungeon.
You visited 1 branch of the dungeon, and saw 7 of its levels.

You collected 392 gold pieces.

Inventory:

Missiles
 c - 3 throwing nets (quivered)
Armour
 a - a +0 leather armour (worn)
 b - a +1 helmet (worn)
 w - a +2 pair of boots (worn)
Jewellery
 g - a +6 ring of intelligence {unknown}
 o - an uncursed ring of flight {unknown}
 x - an uncursed ring of resist corrosion {unknown}
Wands
 n - a wand of disintegration (13)
 r - a wand of digging (8)
Scrolls
 d - 3 scrolls of enchant armour
 e - 3 scrolls of teleportation
 l - 2 scrolls of remove curse
 m - 4 scrolls of fog
 q - 3 scrolls of blinking
 t - a scroll of enchant weapon
 v - a scroll of amnesia
Potions
 f - 3 potions of flight
 h - a potion of resistance
 i - 4 potions of brilliance
 j - 8 potions of curing
 k - a potion of ambrosia
 p - 2 potions of cancellation {unknown}
 s - 2 potions of lignification {unknown}
 u - a potion of mutation {unknown}


   Skills:
 + Level 7.9 Fighting
 - Level 1.7 Throwing
 - Level 2.6 Dodging
 * Level 10.3 Unarmed Combat


You had 8 spell levels left.
You didn't know any spells.
Your spell library contained the following spells:

 Spells                   Type           Power        Failure   Level
 Animate Skeleton         Necr           0%           43%         1
 Beastly Appendage        Tmut           0%           43%         1
 Pain                     Necr           0%           43%         1
 Wereblood                Tmut           0%           58%         2
 Spider Form              Tmut/Pois      0%           82%         3
 Vampiric Draining        Necr           0%           82%         3
 Animate Dead             Necr           0%           99%         4
 Ice Form                 Ice/Tmut       0%           99%         4
 Agony                    Necr           0%           100%        5
 Blade Hands              Tmut           0%           100%        5


Dungeon Overview and Level Annotations

Branches:
Dungeon (7/15)
 Temple: D:4-7

Altars:
Cheibriados
Fedhas
Nemelex Xobeh
Qazlal

Annotations:
D:7 Harold


Innate Abilities, Weirdness & Mutations

You have very sharp fingernails.
You regenerate a little health from kills.


Message History

Harold the Weathered comes into view.
He is wielding a +0 halberd.
Harold is nearby!
Harold shouts!
Harold fires a harpoon shot at you. The harpoon shot hits you!
You are yanked forward by the harpoon shot.
You are too injured to fight recklessly!
You scratch Harold but do no damage. Harold casts a spell at you.
A sentinel's mark forms upon you.
You scratch Harold.
Harold is lightly wounded.
You closely miss Harold. Your claw misses Harold.
Harold is lightly wounded.
Harold hits you with a +0 halberd!!
* * * LOW HITPOINT WARNING * * *
You claw Harold! x2
Harold is moderately wounded.
Harold hits you with a +0 halberd!!
You die...

..........# ..........#
..........# ..........#
..........# ..........#
......@...#####
.......@..#...#
..........#...#
..............#
....(.........#
.............(#
..............######
..........)..))(..(#
.........)((((####.####
........$...>......#


You could see Harold.

Vanquished Creatures
  An ice beast (D:7)
  A black bear (D:6)
  5 sky beasts
  A phantom (D:5)
  An orc warrior (D:7)
  4 centaurs
  A necrophage (D:6)
  An ogre (D:5)
  A big kobold (D:7)
  3 bullfrogs
  A scorpion (D:5)
  5 killer bees (D:7)
  5 wights (D:7)
  4 orc priests
  4 hounds
  5 orc wizards
  A bullfrog skeleton (D:5)
  A centaur skeleton (D:4)
  Ijyb (D:3)
  2 iguanas
  A worker ant (D:5)
  A hound skeleton (D:4)
  Robin (D:3)
  A howler monkey skeleton (D:6)
  4 gnolls
  7 adders
  A shadow imp (D:5)
  A white imp (D:5)
  An ufetubus (D:6)
  An adder skeleton (D:5)
  An adder zombie (D:5)
  8 worms
  3 dart slugs
  4 leopard geckos
  25 orcs
  2 ball pythons
  8 giant cockroaches
  17 goblins
  7 hobgoblins
  10 jackals
  4 quokkas
  9 bats
  8 frilled lizards
  13 kobolds
  A leopard gecko skeleton (D:5)
  A quokka skeleton (D:5)
  A quokka zombie (D:5)
  8 rats
197 creatures vanquished.

Notes
Turn   | Place    | Note
-------+----------+-------------------------------------------
     0 | D:1      | kae the Demonspawn Gladiator began the quest for the Orb.
     0 | D:1      | Reached XP level 1. HP: 16/16 MP: 1/1
   158 | D:1      | Reached skill level 3 in Unarmed Combat
   169 | D:1      | Gained mutation: You have sharp fingernails. [demonic
                  | ancestry]
   169 | D:1      | Reached XP level 2. HP: 22/22 MP: 2/2
   796 | D:1      | Reached XP level 3. HP: 28/28 MP: 3/3
  1671 | D:2      | Reached skill level 4 in Unarmed Combat
  1675 | D:2      | Gained mutation: You regenerate a little health from kills.
                  | [demonic ancestry]
  1675 | D:2      | Reached XP level 4. HP: 19/35 MP: 4/4
  2137 | D:2      | You fall into a shaft and drop 2 floors!
  2684 | D:2      | Gained mutation: You have very sharp fingernails. [demonic
                  | ancestry]
  2684 | D:2      | Reached XP level 5. HP: 29/41 MP: 5/5
  3113 | D:3      | Noticed Ijyb
  3127 | D:3      | Killed Ijyb
  3301 | D:3      | Noticed Robin
  3324 | D:3      | Killed Robin
  3329 | D:3      | Reached skill level 5 in Unarmed Combat
  3843 | D:4      | You fall into a shaft and drop 2 floors!
  3844 | D:6      | Noticed a necrophage
  3844 | D:6      | Noticed a sky beast
  3861 | D:6      | Killed a necrophage
  3862 | D:6      | Reached XP level 6. HP: 42/48 MP: 6/6
  3898 | D:6      | Found a stormy altar of Qazlal.
  4005 | D:5      | Entered Level 5 of the Dungeon
  4366 | D:4      | Reached skill level 6 in Unarmed Combat
  4591 | D:5      | Reached XP level 7. HP: 46/55 MP: 7/7
  5056 | D:5      | Reached skill level 5 in Fighting
  5136 | D:5      | Reached skill level 7 in Unarmed Combat
  5612 | D:5      | Found a blossoming altar of Fedhas.
  5862 | D:5      | Found a sparkling altar of Nemelex Xobeh.
  5928 | D:5      | Reached XP level 8. HP: 62/63 MP: 8/8
  6161 | D:5      | Reached skill level 8 in Unarmed Combat
  6382 | D:4      | Found a snail-covered altar of Cheibriados.
  7288 | D:6      | Reached skill level 9 in Unarmed Combat
  7792 | D:7      | Noticed a gargoyle
  7843 | D:7      | Reached XP level 9. HP: 68/72 MP: 9/9
  8544 | D:7      | Reached skill level 10 in Unarmed Combat
  8635 | D:7      | Noticed Harold
  8640 | D:7      | Slain by Harold

Illustrated notes

Levels and vault maps discovered:
D:1:      mushboom_english_gardens, layout_loops_ring, st_stairs_2,
          minmay_misc_feat_room, hangedman_glass_teeth
D:2:      kennysheep_six_static_rooms, layout_basic, kennysheep_nub,
          minmay_heptomino_w4
D:3:      layout_basic, hex_intersection, uniq_robin, uniq_ijyb
D:4:      layout_basic, cheibriados_altar_1
D:5:      minmay_thinvault, layout_basic, nemelex_xobeh_ov_fountains_minmay,
          fedhas_altar_2
D:6:      layout_basic, lemuel_doored_altar, serial_bayou_pond_c
D:7:      layout_basic, nzn_hepliaklqana_mist_gate,
          minmay_temple_entry_large_hall, serial_shops, shop,
          minmay_misc_feat_diagonals, uniq_harold

Skill      XL: |  1  2  3  4  5  6  7  8  9 |
---------------+----------------------------+-----
Unarmed Combat | 3 4 5 6 7 9 10 | 10.3
Fighting       | 3 4 5 7 |  7.9
Throwing       | |  1.7
Dodging        | |  2.6

Action                   |  1- 3 |  4- 6 |  7- 9 || total
-------------------------+-------+-------+-------++-------
Melee: Unarmed           |   150 |   220 |   322 ||   692
       Punch             |       |     5 |    16 ||    21
  Use: Scroll            |     8 |     5 |     5 ||    18
       Potion            |       |     1 |     1 ||     2
 Stab: Sleeping          |     2 |     1 |     1 ||     4
Armor: Leather armour    |    48 |    67 |    96 ||   211
Dodge: Dodged            |    95 |   109 |   212 ||   416

Table legend: (Time is in decaauts)
 A = Elapsed time spent in this place.
 B = Non-inter-level travel time spent in this place.
 C = Inter-level travel time spent in this place.
 D = Time resting spent in this place.
 E = Time spent auto-exploring this place.
 F = Levels seen in this place.
 G = Mean time per level.
                   A        B        C        D        E       F      G
               +--------+--------+--------+--------+--------+-----+--------+
         Total |   8573 |   8149 |    424 |   1549 |   5321 |   7 | 1224.7 |
       Dungeon |   8573 |   8149 |    424 |   1549 |   5321 |   7 | 1224.7 |
               +--------+--------+--------+--------+--------+-----+--------+

Top non-repeatable levels by time:
     D:5: 1905 daAuts
     D:2: 1462 daAuts
     D:4: 1283 daAuts
     D:1: 1246 daAuts
     D:6: 1054 daAuts
     D:3: 976 daAuts
     D:7: 644 daAuts
